Map: [ESL] Oceanborn

Players

ByuN - Winner!

  • Race: Terran Terran
  • Spawn Location: 5:00

DRG

  • Race: Zerg Zerg
  • Spawn Location: 11:00

VOD

Have the link to the VOD?

Description

Time

  • Played on: Dec. 6, 2023, 5:24 a.m.
  • Length: 18:31
Show
View Real Time Build Order
Export as new Build Order

ByuN Terran - Winner!

Build Orders:  

Get SALT Encoding   

  12  0:00  SCV  
  13  0:12  SCV  
  14  0:17  Supply Depot  
  14  0:24  SCV  
  15  0:39  SCV  
  15  0:40  Barracks  
  15  0:42  Refinery  
  16  0:51  SCV  
  17  0:59  Barracks  
  17  1:03  SCV  
  18  1:15  SCV  
  19  1:18  Barracks  
  19  1:27  Reaper  
  20  1:35  Orbital Command  
  20  1:40  Refinery  
  20  1:46  Reaper  
  21  1:52  Supply Depot  
  21  2:02  SCV, Reaper  
  23  2:14  Reaper  
  24  2:16  SCV  
  24  2:18  Supply Depot  
  25  2:23  Reaper  
  26  2:31  SCV  
  26  2:35  Reaper  
  28  2:43  SCV  
  29  2:46  Reaper  
  30  2:53  Command Center  
  30  2:56  Reaper  
  31  2:59  SCV  
  32  3:12  SCV  
  33  3:17  Marine  
  34  3:20  Engineering Bay  
  34  3:21  Barracks Tech Lab  
  34  3:24  SCV  
  35  3:32  Supply Depot  
  35  3:33  Barracks Reactor  
  35  3:39  SCV  
  35  3:40  Marine, Barracks Reactor  
  37  3:43  Stimpack  
  37  3:51  SCV  
  38  3:55  Factory  
  38  4:00  Marine  
  39  4:03  SCV  
  39  4:06  Orbital Command  
  40  4:10  Terran Infantry Weapons Level 1  
  40  4:14  Marine  
  40  4:15  Marine  
  42  4:17  SCV  
  42  4:19  Marine  
  42  4:21  Marine  
  42  4:24  Marine  
  45  4:29  SCV  
  47  4:31  SCV  
  47  4:34  Marine x2  
  50  4:39  Supply Depot  
  50  4:42  SCV  
  50  4:43  SCV  
  50  4:44  Starport  
  52  4:45  Factory Reactor  
  52  4:51  Marine x2  
  54  4:53  Marine  
  54  4:54  SCV  
  54  4:55  SCV, Marine  
  54  4:56  Marine  
  59  5:02  Refinery  
  59  5:06  Supply Depot, SCV  
  60  5:07  SCV  
  61  5:15  Marine x4  
  61  5:17  Marine  
  61  5:18  SCV  
  61  5:20  SCV  
  68  5:27  Factory Tech Lab  
  68  5:28  Medivac x2  
  72  5:30  SCV  
  72  5:32  Supply Depot, SCV  
  72  5:33  Marine x3  
  72  5:35  Marine  
  78  5:39  Combat Shield  
  78  5:45  Supply Depot  
  78  5:53  SCV x2, Marine, Siege Tank  
  78  5:55  Supply Depot  
  84  5:57  Marine  
  84  5:58  Marine  
  86  6:06  Marine x2  
  86  6:07  SCV x2  
  86  6:10  Supply Depot  
  86  6:11  Marine  
  91  6:13  Refinery  
  91  6:17  Medivac x2  
  95  6:19  Marine x2  
  95  6:24  Marine x2  
  99  6:29  Marine  
  100  6:35  Siege Tank  
  100  6:36  Marine  
  100  6:37  Marine  
  105  6:41  Supply Depot  
  105  6:43  Supply Depot  
  105  6:44  Marine x2  
  105  6:47  Marine  
  108  6:54  Marine  
  108  6:59  Marine  
  110  7:02  Marine x2, Liberator x2  
  110  7:04  Marine  
  119  7:12  Marine  
  120  7:18  Marine  
  120  7:20  Marine x2  
  120  7:22  Marine  
  123  7:27  Terran Infantry Armor Level 1  
  124  7:30  Marine  
  124  7:31  Supply Depot  
  124  7:36  Marine  
  126  7:42  Supply Depot x2  
  126  7:53  Siege Tank, Marine x4  
  132  8:01  Marine  
  127  8:11  Marine x4  
  130  8:19  Marine  
  127  8:28  Marine x4  
  127  8:31  Siege Tank  
  127  8:33  Medivac x2  
  109  8:37  Marine  
  109  8:41  Command Center  
  110  8:46  Marine x4  
  114  8:55  Marine  
  115  8:58  Barracks  
  115  8:59  Barracks  
  115  9:04  Marine x4  
  118  9:12  Marine  
  118  9:14  Siege Tank  
  122  9:17  Liberator  
  122  9:21  Liberator  
  122  9:22  Marine x4  
  132  9:33  Marine  
  131  9:40  Marine x4  
  135  9:46  Siege Tank  
  135  9:51  Marine  
  139  9:57  Marine  
  139  9:59  Marine x2  
  139  10:07  Marine  
  139  10:11  Marine x2  
  139  10:13  Marine  
  133  10:15  Marine  
  133  10:16  Marine  
  133  10:17  Marine  
  133  10:18  Siege Tank  
  133  10:29  Marine, Armory  
  133  10:30  Engineering Bay  
  133  10:31  Marine  
  133  10:33  Marine  
  133  10:34  Marine x2  
  139  10:37  Barracks Reactor x2  
  139  10:40  SCV x2  
  139  10:47  Marine  
  139  10:49  Marine  
  141  10:50  Siege Tank  
  141  10:51  Marine  
  141  10:52  SCV, Marine x2  
  141  10:54  SCV  
  141  11:04  Marine  
  141  11:05  Orbital Command  
  141  11:06  Marine  
  141  11:09  Marine  
  141  11:10  SCV x2, Marine x2  
  148  11:19  Marine  
  148  11:20  Marine x2  
  148  11:22  Siege Tank, Marine  
  148  11:24  Marine  
  156  11:26  Medivac  
  156  11:27  Marine  
  156  11:32  Marine x2  
  141  11:44  SCV x2  
  141  11:45  Marine x2  
  141  11:47  Marine x5  
  129  11:49  Terran Infantry Weapons Level 2  
  129  11:53  Terran Infantry Armor Level 2  
  134  11:55  Siege Tank  
  134  11:59  SCV  
  134  12:00  SCV x2  
  140  12:04  Terran Vehicle Weapons Level 1  
  140  12:09  Marine x7  
  140  12:10  Marine  
  140  12:12  Marine  
  140  12:15  Liberator  
  152  12:22  Liberator  
  151  12:27  Siege Tank  
  151  12:28  Marine  
  151  12:29  Marine x6  
  164  12:37  Marine  
  164  12:39  Marine  
  165  12:51  Factory  
  165  12:52  Marine x3  
  165  12:53  Supply Depot x2  
  165  12:54  Supply Depot  
  165  12:56  Marine x5  
  165  12:57  Marine  
  157  12:59  Siege Tank  
  160  13:10  Marine x3  
  154  13:13  Marine  
  154  13:14  Marine x3  
  154  13:15  Marine  
  154  13:16  Marine  
  133  13:24  Medivac x2  
  135  13:27  Marine x2  
  135  13:28  Marine  
  135  13:31  Marine x3  
  135  13:32  Marine  
  135  13:33  Siege Tank, Marine  
  135  13:34  Marine  
  146  13:44  Factory Tech Lab  
  146  13:45  Marine x2  
  146  13:46  Marine  
  149  13:49  Marine x3  
  149  13:50  Marine, Sensor Tower  
  153  13:56  Marine x2  
  155  14:03  Marine x3  
  155  14:07  Marine x4, Medivac x2  
  163  14:10  Orbital Command  
  163  14:11  Siege Tank  
  163  14:14  Marine  
  155  14:17  Marine  
  155  14:21  Marine x3  
  158  14:25  Marine x2  
  158  14:29  Marine x2  
  140  14:31  Marine  
  140  14:35  Marine  
  140  14:36  Medivac  
  127  14:39  Marine x2  
  127  14:43  Siege Tank  
  127  14:44  Marine x3  
  135  14:46  Siege Tank  
  135  14:47  Marine x2  
  135  14:49  Marine  
  141  14:53  Marine  
  141  14:56  Marine, Sensor Tower  
  141  14:58  Marine  
  144  15:01  Marine, Medivac  
  144  15:02  Marine  
  144  15:06  Medivac  
  150  15:10  Marine  
  150  15:12  Marine x2  
  150  15:13  Marine x2  
  155  15:14  Marine  
  155  15:15  Siege Tank, Marine  
  155  15:18  Siege Tank  
  155  15:19  Marine  
  155  15:20  Marine  
  165  15:28  Marine  
  162  15:30  Marine x2  
  162  15:31  Marine x2  
  162  15:32  Marine, Medivac  
  162  15:33  Marine  
  171  15:37  Marine  
  171  15:38  Marine  
  173  15:46  Marine  
  173  15:47  Siege Tank, Marine  
  173  15:48  Marine  
  173  15:49  Marine x2  
  181  15:50  Siege Tank, Marine  
  181  15:51  Marine  
  181  15:55  Marine x2  
  188  16:04  Marine  
  188  16:08  Marine x5  
  188  16:09  Marine  
  179  16:13  Marine x2  
  181  16:19  Siege Tank  
  181  16:22  Marine  
  182  16:25  Marine x2  
  182  16:26  Marine x3  
  182  16:27  Marine  
  182  16:30  Marine  
  182  16:31  Marine  
  159  16:39  Marine  
  132  16:43  Marine x2  
  132  16:44  Marine x3  
  132  16:45  Marine  
  128  16:48  Siege Tank, Marine  
  128  16:49  Marine  
  128  16:51  Siege Tank  
  136  16:57  Marine  
  134  17:01  Marine x2  
  134  17:02  Marine x4  
  134  17:06  Marine  
  134  17:07  Marine  
  142  17:08  Refinery  
  142  17:09  Refinery  
  142  17:15  Marine  
  143  17:19  Marine x3  
  143  17:20  Marine x3  
  149  17:24  Marine  
  149  17:25  Marine, Barracks x2  
  151  17:33  Marine  
  151  17:37  Marine x5  
  149  17:38  Marine  
  149  17:40  Siege Tank  
  149  17:42  Marine x2  
  149  17:43  Siege Tank  
  156  17:51  Marine  
  157  17:54  Marine  
  157  17:55  Marine x4  
  157  17:56  Marine  
  163  18:00  Marine x2  
  152  18:08  Marine  
  152  18:12  Marine x2  
Show
View Real Time Build Order
Export as new Build Order

DRG Zerg 

Build Orders: Hatch First 

Get SALT Encoding   

  12  0:00  Drone  
  13  0:11  Overlord  
  13  0:16  Drone  
  14  0:30  Drone x2  
  16  0:47  Hatchery  
  15  0:50  Drone  
  15  0:54  Drone  
  17  0:57  Drone  
  18  1:09  Extractor  
  17  1:13  Spawning Pool  
  17  1:15  Drone  
  17  1:20  Drone  
  18  1:27  Drone  
  19  1:38  Drone  
  20  1:49  Drone  
  21  1:59  Queen x2  
  21  2:00  Zergling x4  
  27  2:11  Zergling x2, Overlord  
  27  2:12  Metabolic Boost  
  27  2:30  Drone  
  27  2:32  Zergling x4  
  27  2:35  Queen  
  32  2:39  Queen  
  32  2:42  Overlord  
  33  2:45  Overlord  
  33  2:49  Drone  
  34  2:53  Drone  
  34  2:54  Drone  
  36  3:05  Drone  
  36  3:06  Drone  
  36  3:10  Zergling x4  
  39  3:17  Zergling x4  
  39  3:22  Zergling x4  
  39  3:25  Drone  
  39  3:26  Drone, Queen  
  45  3:31  Overlord  
  45  3:33  Zergling x2  
  46  3:44  Zergling x10  
  51  3:52  Overlord  
  51  3:56  Drone x3  
  51  4:02  Drone  
  55  4:05  Hatchery  
  55  4:06  Queen  
  56  4:10  Drone x2  
  56  4:16  Drone x3  
  61  4:23  Drone x2  
  63  4:28  Drone x2  
  65  4:35  Overlord  
  65  4:37  Drone x3  
  68  4:43  Extractor  
  68  4:44  Overlord  
  67  4:51  Queen, Overlord, Extractor  
  67  4:52  Baneling Nest  
  67  4:53  Queen  
  67  4:56  Drone x3  
  67  4:58  Drone  
  73  5:00  Drone  
  74  5:07  Drone  
  74  5:12  Drone  
  76  5:17  Queen  
  76  5:20  Overlord  
  76  5:21  Overlord  
  78  5:23  Drone x5  
  78  5:27  Zergling x2  
  84  5:32  Drone x3  
  84  5:35  Lair  
  87  5:38  Baneling  
  87  5:39  Baneling x6  
  87  5:41  Zergling x2  
  87  5:42  Zergling x4  
  90  5:46  Evolution Chamber  
  90  5:48  Drone  
  90  5:49  Drone  
  91  5:50  Zergling x2, Evolution Chamber  
  91  5:54  Drone  
  91  5:55  Spore Crawler, Zergling x4  
  93  5:59  Queen  
  93  6:03  Zergling x6  
  97  6:07  Zergling x8  
  101  6:12  Zergling x4  
  101  6:13  Baneling x5  
  101  6:18  Overlord  
  103  6:19  Overlord  
  103  6:27  Overlord  
  103  6:34  Centrifugal Hooks, Zerg Melee Weapons Level 1  
  103  6:36  Zergling x12  
  107  6:43  Drone x2, Zergling x2  
  107  6:44  Queen  
  112  6:47  Queen  
  112  6:50  Zergling x6  
  117  6:55  Zergling x4  
  117  6:57  Baneling x7  
  117  7:01  Zergling x4  
  121  7:05  Zergling x2  
  122  7:09  Zergling x2  
  122  7:14  Zergling x8  
  125  7:16  Zergling x6  
  125  7:21  Zergling x4  
  127  7:23  Baneling x8  
  127  7:25  Hatchery  
  127  7:26  Zergling x2  
  127  7:28  Queen  
  129  7:31  Overlord  
  129  7:34  Overlord x2  
  129  7:42  Baneling x5  
  129  7:46  Overlord x2  
  129  7:49  Queen  
  131  7:51  Zergling x12  
  131  7:53  Baneling x4  
  135  8:04  Zergling x10  
  135  8:05  Baneling x5  
  136  8:08  Queen  
  136  8:09  Queen  
  136  8:11  Zergling x10  
  143  8:17  Zergling x2  
  139  8:22  Zergling x2  
  139  8:24  Queen  
  139  8:29  Zergling x4  
  120  8:36  Zergling x6  
  120  8:39  Zerg Ground Armor Level 1  
  120  8:41  Evolution Chamber  
  122  8:42  Overlord  
  122  8:45  Drone  
  122  8:46  Drone x7  
  129  8:51  Spore Crawler x2  
  129  8:52  Spore Crawler  
  129  8:53  Drone x2  
  128  9:00  Zergling x4  
  129  9:03  Zergling x4  
  129  9:05  Spore Crawler  
  127  9:10  Drone  
  127  9:11  Drone x3  
  127  9:13  Zergling x6  
  127  9:15  Zerg Melee Weapons Level 2  
  133  9:18  Zergling x8  
  133  9:21  Hydralisk Den  
  133  9:23  Zergling x10  
  141  9:27  Zergling x2  
  141  9:30  Overlord  
  140  9:33  Zergling x4  
  140  9:38  Zergling x8  
  143  9:40  Baneling x7  
  143  9:44  Overlord  
  143  9:49  Extractor  
  143  9:50  Grooved Spines  
  142  9:53  Zergling x14  
  142  9:58  Zergling x8  
  127  10:07  Zergling x12  
  127  10:13  Zergling x2  
  110  10:14  Queen x2  
  110  10:16  Baneling x2  
  110  10:17  Baneling x4, Zergling x14  
  110  10:20  Baneling x3  
  121  10:21  Zergling x6  
  121  10:24  Zergling x4  
  121  10:28  Baneling  
  122  10:30  Zergling x4  
  122  10:34  Baneling x6  
  124  10:36  Hydralisk x4  
  124  10:40  Zergling x6, Muscular Augments  
  135  10:46  Zergling x4  
  135  10:48  Baneling x5  
  137  10:50  Hydralisk  
  137  10:51  Hydralisk  
  137  10:53  Baneling x2  
  140  10:58  Hydralisk  
  140  11:03  Zergling x6  
  143  11:05  Extractor  
  143  11:07  Zergling x10  
  147  11:12  Overlord  
  147  11:13  Queen x2  
  147  11:16  Zergling x8  
  155  11:20  Overlord  
  155  11:22  Zergling x6  
  155  11:23  Zerg Ground Armor Level 2  
  158  11:25  Hydralisk  
  152  11:38  Zergling x2  
  152  11:39  Zergling x8  
  132  11:40  Zergling x12  
  132  11:44  Zergling x10  
  133  11:47  Baneling  
  133  11:48  Baneling x7  
  133  11:55  Drone x3  
  133  11:59  Baneling x4  
  133  12:00  Hydralisk  
  138  12:07  Drone x2  
  140  12:09  Drone x2  
  142  12:16  Zergling x2  
  142  12:17  Zergling x8  
  142  12:20  Zergling x4  
  149  12:23  Hatchery, Queen  
  149  12:25  Baneling x7  
  149  12:29  Baneling x2  
  149  12:30  Baneling x4  
  149  12:33  Zergling x12  
  155  12:39  Hatchery  
  155  12:41  Zergling x10  
  156  12:45  Hydralisk  
  156  12:53  Zergling x4  
  156  12:54  Queen x2  
  156  12:56  Zergling x8  
  161  13:00  Zergling x8  
  161  13:04  Hydralisk  
  161  13:05  Hydralisk  
  169  13:06  Hatchery  
  149  13:16  Hydralisk x5  
  145  13:22  Infestation Pit  
  145  13:25  Baneling x7  
  144  13:28  Zergling x12  
  144  13:33  Zergling x10  
  153  13:44  Zergling x20  
  163  13:52  Zergling x8  
  167  13:58  Zergling x8  
  167  13:59  Baneling  
  167  14:00  Baneling x6  
  167  14:01  Hive  
  171  14:06  Zergling x8  
  175  14:15  Zergling x12  
  144  14:31  Hatchery  
  144  14:32  Zergling x18  
  144  14:33  Zergling x4  
  144  14:34  Zergling x4  
  144  14:38  Baneling x2  
  131  14:39  Baneling x6  
  131  14:40  Zergling x2  
  131  14:44  Baneling x6  
  131  14:46  Zergling x4  
  131  14:52  Drone x5  
  138  14:57  Zergling x2  
  138  14:58  Zergling x8  
  143  15:01  Baneling x7  
  143  15:04  Burrow  
  143  15:10  Infestor  
  143  15:11  Infestor x2  
  143  15:12  Zergling x4  
  150  15:18  Drone x4  
  150  15:19  Drone  
  153  15:21  Zergling x6  
  153  15:25  Zergling x6  
  153  15:27  Viper  
  158  15:29  Zergling x4  
  158  15:35  Zergling x8  
  164  15:41  Spore Crawler  
  163  15:43  Adrenal Glands  
  163  15:45  Drone x4  
  163  15:49  Zergling x8  
  171  15:55  Baneling x3  
  171  15:56  Zergling x8  
  171  15:57  Zergling x4  
  176  16:04  Hydralisk x3  
  176  16:10  Zergling x10  
  165  16:19  Zergling x14  
  130  16:34  Infestor x2  
  130  16:37  Zergling x10  
  125  16:41  Infestor  
  125  16:43  Zergling x22  
  125  16:45  Zergling x6  
  130  16:49  Zergling x10  
  130  16:52  Baneling x5  
  135  16:54  Zergling x6  
  135  17:00  Zergling x8  
  138  17:07  Zergling x8  
  142  17:09  Baneling x10  
  141  17:17  Zergling x10  
  141  17:20  Hydralisk x2  
  150  17:22  Zergling x2  
  150  17:23  Zergling x4  
  140  17:47  Viper  
  140  17:50  Zergling x10  
  148  17:55  Baneling x4  
  149  17:58  Zergling x10  
  149  18:01  Zergling x12  
  149  18:04  Hatchery  
Tags
 
Matchup
TvZ
Player
ByuNDRG
Replay Pack
December 2023
Spawn Locations
Cross Positions
Add a new tag
Caveats
  • Supply blocks, unpowered buildings, or Contaminate may cause inaccurate times.
  • Supply counts are checked every 10 seconds.